 Dungeon Crawl Stone Soup version 0.24.1 (webtiles) character file.

Game seed: 18046332491699025306, levelgen mode: deterministic

56 funkygono the Conjurer (level 3, 0/24 HPs)
             Began as a Demonspawn Conjurer on Mar 22, 2020.
             Slain by a gnoll
             ... wielding a +0 spear
              (9 damage)
             ... on level 2 of the Dungeon.
             The game lasted 00:06:01 (1520 turns).

funkygono the Conjurer (Demonspawn Conjurer)        Turns: 1520, Time: 00:06:01

Health: 0/24       AC:  5    Str:  8    XL:     3   Next: 69%
Magic:  0/6        EV: 12    Int: 21    God:
Gold:   11         SH:  0    Dex: 13    Spells: 1/7 levels left

rFire    . . .     SeeInvis .   (no weapon)
rCold    . . .     Gourm    .   (no shield)
rNeg     . . .     Faith    .   d - +0 leather armour
rPois    .         Spirit   .   (helmet restricted)
rElec    .         Reflect  .   b - +0 cloak
rCorr    .         Harm     .   j - +0 pair of gloves
MR       .....                  (no boots)
Stlth    +.........             (no amulet)
HPRegen  0.08/turn              (no ring)
MPRegen  0.10/turn              (no ring)

@: no status effects
A: hooves 1, horns 1, clever 2
a: no special abilities


You were on level 2 of the Dungeon.
You were not hungry.

You visited 1 branch of the dungeon, and saw 2 of its levels.

You collected 11 gold pieces.

Inventory:

Missiles
 e - 34 stones (quivered)
Armour
 a - a +0 robe
 b - a +0 cloak (worn)
 d - a +0 leather armour (worn)
 j - a +0 pair of gloves (worn)
Scrolls
 g - a scroll of random uselessness {unknown}
 k - a scroll of remove curse {unknown}
Potions
 i - 2 potions of haste
Comestibles
 c - 4 rations
 f - 3 chunks of flesh


   Skills:
 + Level 0.4 Armour
 + Level 1.9 Dodging
 + Level 1.8 Stealth
 + Level 2.5 Spellcasting
 + Level 4.9 Conjurations


You had one spell level left.
You knew the following spells:

 Your Spells              Type           Power        Failure   Level  Hunger
a - Magic Dart            Conj           ###.         2%          1    None
b - Searing Ray           Conj           ###...       4%          2    ##.....
c - Dazzling Spray        Conj/Hex       ##....       22%         3    ###....

Your spell library contained the following spells:

 Spells                   Type           Power        Failure   Level  Hunger
 Iskenderun's Mystic Bla  Conj           ###.....     26%         4    ####...
 Force Lance              Conj/Tloc      ##......     56%         4    ####...
 Fulminant Prism          Conj/Hex       ##........   56%         4    ####...


Dungeon Overview and Level Annotations

Branches:
Dungeon (2/15)

Altars:


Innate Abilities, Weirdness & Mutations

You have large cloven feet.
You have a pair of small horns on your head.
Your mind is very acute. (Int +4)


Message History

You hit the dart slug but do no damage. You kick the dart slug.
The dart slug is moderately wounded.
The gnoll hits you from afar with a +0 spear!
The dart slug launches a dart at you. The slug dart misses you.
The slug dart misses the gnoll.
It was a potion of mutation.
You feel extremely strange.
You feel stupid.
You feel stronger.
You feel your magical essence link to the dungeon's wands.
The gnoll hits you from afar with a +0 spear.
Casting: Magic Dart (safe; 3% risk of failure)
Confirm with . or Enter, or press ? or * to list all spells.
You don't have enough magic to cast that spell.
Unknown command.
Really quaff the potion of mutation?
You feel extremely strange.
Your magical essence no longer links to wands of the dungeon.
You feel clever.
You feel weaker.
You feel clever. A pair of horns grows on your head!
You feel clever.
The gnoll hits you from afar with a +0 spear!
You die...

##.# #.####.#.........########
#..###.#..#.#.........# #.....
#......#..#.#.........###.....
#...........#.................
#...####..#...)..g............
#...# #..#...################
#...# #..#.#g# #...# #..#.#.#
#.... .....#@# ..... ....#.#w#
###.#.#.# # #.#.# #.# #.# ..#
###


You could see a gnoll and a dart slug.

Vanquished Creatures
  A gnoll (D:2)
  3 oozes
  A dart slug (D:2)
  A leopard gecko (D:1)
  2 bats (D:1)
  A giant cockroach (D:2)
  4 goblins
  3 hobgoblins
  4 jackals (D:1)
  5 kobolds
  2 frilled lizards (D:2)
  4 rats (D:1)
31 creatures vanquished.

Notes
Turn   | Place    | Note
-------+----------+-------------------------------------------
     0 | D:1      | funkygono the Demonspawn Conjurer began the quest for the
                  | Orb.
     0 | D:1      | Reached XP level 1. HP: 13/13 MP: 3/3
   182 | D:1      | Gained mutation: You have large cloven feet. [demonic
                  | ancestry]
   182 | D:1      | Reached XP level 2. HP: 19/19 MP: 0/5
   299 | D:1      | Learned a level 2 spell: Searing Ray
   936 | D:1      | Reached XP level 3. HP: 21/24 MP: 0/6
  1257 | D:2      | Learned a level 3 spell: Dazzling Spray
  1519 | D:2      | Gained mutation: You are dopey. (Int -2) [potion of
                  | mutation]
  1519 | D:2      | Gained mutation: Your muscles are strong. (Str +2) [potion
                  | of mutation]
  1519 | D:2      | Gained mutation: You expend magic power (3 MP) to
                  | strengthen your wands. [potion of mutation]
  1520 | D:2      | Lost mutation: You expend magic power (3 MP) to strengthen
                  | your wands. [potion of mutation]
  1520 | D:2      | Lost mutation: You are dopey. (Int -2) [potion of mutation]
  1520 | D:2      | Lost mutation: Your muscles are strong. (Str +2) [potion of
                  | mutation]
  1520 | D:2      | Gained mutation: Your mind is acute. (Int +2) [potion of
                  | mutation]
  1520 | D:2      | Gained mutation: You have a pair of small horns on your
                  | head. [potion of mutation]
  1520 | D:2      | Gained mutation: Your mind is very acute. (Int +4) [potion
                  | of mutation]
  1520 | D:2      | Slain by a gnoll

Levels and vault maps discovered:
D:1:      minmay_arrival_up_and_down, layout_rooms
D:2:      layout_basic, first_ration, uniq_natasha

Action                   || total
-------------------------++-------
Melee: Unarmed           ||     4
       Kick              ||     1
 Cast: Magic Dart        ||    59
       Searing Ray       ||     4
       Dazzling Spray    ||     1
  Use: Scroll            ||     2
       Potion            ||     2
  Eat: Chunk             ||     3
Armor: Leather armour    ||     9
Dodge: Dodged            ||    30
